 Dungeon Crawl Stone Soup version 0.29.1-1-gd02db6906a (webtiles) character file.

Game seed: 10635630401101728791

49 Demigod47 the Trooper (level 3, -3/33 HPs)
             Began as a Minotaur Fighter on Oct 10, 2022.
             Slain by a black bear (4 damage)
             ... on level 1 of the Dungeon.
             The game lasted 00:02:11 (1260 turns).

Demigod47 the Trooper (Minotaur Fighter)            Turns: 1260, Time: 00:02:12

Health: -3/33      AC:  7    Str: 22    XL:     3   Next: 53%
Magic:  2/2        EV:  9    Int:  5    God:
Gold:   50         SH:  4    Dex:  9    Spells: 2/2 levels left

rFire   . . .      SeeInvis .   a - +1 flail
rCold   . . .      Faith    .   c - +0 buckler
rNeg    . . .      Spirit   .   b - +0 scale mail
rPois   .          Reflect  .   (helmet restricted)
rElec   .          Harm     .   (no cloak)
rCorr   .          Rampage  .   (no gloves)
Will    .....                   (no boots)
Stlth   ..........              (no amulet)
HPRegen 0.11/turn               (no ring)
MPRegen 0.08/turn               (no ring)

@: mighty
A: horns 2, retaliatory headbutt
a: no special abilities


You were on level 1 of the Dungeon.
You visited 1 branch of the dungeon, and saw 2 of its levels.

You collected 50 gold pieces.

Inventory:

Hand Weapons
 a - a +1 flail (weapon)
Armour
 b - a +0 scale mail (worn)
 c - a +0 buckler (worn)
Jewellery
 k - a ring of protection from cold
Scrolls
 e - a scroll of enchant weapon
 f - 2 scrolls of identify {unknown}
 j - 2 scrolls of magic mapping {unknown}
 n - a scroll of enchant armour {unknown}
Potions
 d - a potion of might
 g - 2 potions of brilliance {unknown}
 h - a potion of heal wounds {unknown}
 i - a potion of attraction {unknown}
 l - a potion of flight {unknown}
 m - 2 potions of ambrosia {unknown}


   Skills:
 + Level 4.1 Fighting
 * Level 3.5 Maces & Flails
 + Level 4.1 Armour
 + Level 0.2 Dodging
 + Level 4.0 Shields


You had 2 spell levels left.
You didn't know any spells.
Your spell library contained the following spells:

 Spells                   Type           Power      Damage    Failure   Level
 Beastly Appendage        Tmut           0%         N/A       87%         1
 Summon Small Mammal      Summ           0%         N/A       87%         1
 Wereblood                Tmut           0%         N/A       95%         2
 Call Canine Familiar     Summ           0%         N/A       99%         3
 Spider Form              Tmut/Pois      0%         N/A       99%         3
 Summon Guardian Golem    Hex/Summ       0%         N/A       99%         3


Dungeon Overview and Level Annotations

Branches:
Dungeon (2/15)

Altars:
Makhleb


Innate Abilities, Weirdness & Mutations

You have a pair of horns on your head.
You reflexively headbutt those who attack you in melee.


Message History

You barely miss the black bear. Your headbutt misses the black bear.
The black bear is lightly wounded.
You block the hobgoblin's attack. The black bear bites you.
The black bear barely misses you. You block the black bear's attack.
The black bear barely misses you. You furiously retaliate!
You headbutt the black bear! The black bear barely misses you.
The black bear claws you but does no damage.
There is a stone staircase leading up here.
You can't go down here!
You block the hobgoblin's attack.
The black bear bites you but does no damage.
The black bear claws you but does no damage. x2
You climb upwards.
There is a stone staircase leading down here.
You hit the hobgoblin but do no damage. You block the hobgoblin's attack.
You block the black bear's attack.
The black bear claws you but does no damage.
The black bear claws you.
You hit the hobgoblin. Your headbutt misses the hobgoblin.
The hobgoblin is severely wounded.
You block the hobgoblin's attack. The black bear bites you.
* * * LOW HITPOINT WARNING * * *
The black bear misses you. The black bear barely misses you.
The hobgoblin closely misses you. The black bear closely misses you.
You furiously retaliate!
You headbutt the black bear! The black bear claws you.
* * * LOW HITPOINT WARNING * * *
The black bear claws you but does no damage.
You feel very mighty all of a sudden. You block the hobgoblin's attack.
The black bear goes berserk!
As you read the scroll labelled JURPHY NIMAIC, it crumbles to dust.
It is a scroll of enchant weapon.
Your +0 flail glows red for a moment.
The black bear closely misses you. The black bear claws you.
* * * LOW HITPOINT WARNING * * *
The black bear closely misses you.
The hobgoblin hits you but does no damage.
You barely miss the hobgoblin.
The hobgoblin is heavily wounded.
The black bear bites you.
You die...

..###.###..## ##......#......## #
...##.#.##..## ##...........## ##
÷)..#.#..##..## ##.........## ##.
.)..#.#..###..#####...<...#####..
....#.#...###...####.....####...#
...........####...###...###...###
..............###...........###..
.......†........#############....
................@g...............
...............h.############....
.............##### #####
.............# ########## #
............## #........# #
...........## #........# #
############ #........#######
#............... #........#######


You could see a black bear (berserk) and a hobgoblin.

Vanquished Creatures
  An adder (D:2)
  A worm (D:2)
  4 bats (D:1)
  2 endoplasms (D:1)
  2 giant cockroaches
  6 goblins
  A hobgoblin (D:1)
  2 jackals (D:1)
  A quokka (D:2)
  3 ball pythons (D:1)
  6 frilled lizards
  5 kobolds
  3 rats
37 creatures vanquished.

Notes
Turn   | Place    | Note
-------+----------+-------------------------------------------
     0 | D:1      | Demigod47 the Minotaur Fighter began the quest for the Orb.
     0 | D:1      | Reached XP level 1. HP: 19/19 MP: 0/0
   247 | D:1      | Reached XP level 2. HP: 23/27 MP: 1/1
   672 | D:1      | Reached XP level 3. HP: 13/33 MP: 2/2
  1054 | D:2      | Found a burning altar of Makhleb.
  1071 | D:2      | Found a faded altar of an unknown god.
  1238 | D:2      | Noticed a black bear
  1259 | D:1      | HP: 1/33 [black bear (3)]
  1260 | D:1      | Slain by a black bear

Illustrated notes

Levels and vault maps discovered:
D:1:      dpeg_arrival_central, layout_rooms, eino_curves_01
D:2:      minmay_alternating_diamond, layout_loops_corners, basic_altar,
          nicolae_ecumenical_oubliette, uniq_robin, uniq_crazy_yiuf_cottage

Skill      XL: |  1  2  3 |
---------------+----------+-----
Maces & Flails | 3 |  3.5
Fighting       | 4 |  4.1
Armour         | 4 |  4.1
Shields        | 4 |  4.0
Dodging        | |  0.2

Action                   || total
-------------------------++-------
Melee: Flail             ||    82
       Headbutt          ||     9
  Use: Scroll            ||     1
       Potion            ||     1
Armor: Scale mail        ||    68
Dodge: Dodged            ||    66
Block: Buckler           ||    37
